cohdb
Replays
Latest Replays
All Replays
Popular Replays
Top Player Replays
Match Explorer
How It Works
Community
CoH3 Stats
Reddit
Sign in to upload your games and track your stats! →
Sign in with Steam
Match 26572656
Unlisted
Match 26572656
Overview
Messages
Build Orders
End
Construct Infanterie Kompanie
MG 42 Machine Gun Team
Grenadier Squad
Grenadier Squad
Grenadier Squad
Construct Panzergrenadier Kompanie
Medical Station
Panzergrenadier Squad
Construct Panzer Kompanie
Stoßtruppen Squad
Stoßtruppen Squad
Panzer IV Medium Tank
dsmokey
Cyb/R
SneaKerz
gb_gbg
0
0
Comments
sign in to comment!
No comments posted yet!